 Dungeon Crawl Stone Soup version 0.31-a0-1178-gc5c9b8f871 (webtiles) character file.

Game seed: 1638410245701516133

5 qw the Shooter (level 1, -2/12 HPs)
             Began as a Gargoyle Hunter on Dec 11, 2023.
             Slain by a hobgoblin (4 damage)
             ... on level 1 of the Dungeon.
             The game lasted 00:00:04 (132 turns).

qw the Shooter (Gargoyle Hunter)                     Turns: 132, Time: 00:00:04

Health: -2/12      AC:  5    Str: 14    XL:     1   Next: 80%
Magic:  1/1        EV: 11    Int:  9    God:
Gold:   32         SH:  0    Dex: 13    Spells: 0/0 levels left

rFire   . . .        a - +0 shortbow
rCold   . . .        (shield currently unavailable)
rNeg    + . .        c - +0 leather armour
rPois   inf          (no helmet)
rElec   +            (no cloak)
rCorr   .            (no gloves)
SInv    .            (no boots)
Will    .....        (no amulet)
Stlth   +            (no ring)
HPRegen 0.22/turn    (no ring)
MPRegen 0.07/turn

%: no passive effects
@: no status effects
A: sickness immunity, AC +2, negative energy resistance 1, electricity
resistance, torment resistance 1, petrification resistance
a: no special abilities


You were on level 1 of the Dungeon.
You visited 1 branch of the dungeon, and saw 1 of its levels.

You collected 32 gold pieces.


Innate Abilities, Weirdness & Mutations

You are immune to sickness and miasma.
Your stone body is resilient. (AC +2)
You are immune to poison.
You resist negative energy. (rN+)
You are resistant to electric shocks. (rElec)
You are resistant to unholy torment.
You are immune to petrification.


   Skills:
 - Level 2.1 Fighting
 + Level 4.3 Ranged Weapons
 - Level 1.5 Dodging
 - Level 1.1 Stealth


You couldn't memorise any spells.
You didn't know any spells.
Your spell library was empty.

Inventory:

Hand Weapons
 a - a +0 shortbow (weapon)
Armour
 c - a +0 leather armour (worn)
Scrolls
 b - a scroll of butterflies

Dungeon Overview and Level Annotations

Branches:
Dungeon (1/15)

Altars:


Message History

You shoot an arrow. The arrow barely misses the endoplasm.
The endoplasm freezes you.
You are frozen.
The hobgoblin misses you.
You shoot an arrow. The arrow hits the endoplasm.
The endoplasm is heavily wounded.
The endoplasm hits you but does no damage.
The hobgoblin hits you but does no damage.
You shoot an arrow. The arrow barely misses the endoplasm.
The endoplasm barely misses you.
The hobgoblin hits you but does no damage.
The endoplasm freezes you.
You are frozen.
The hobgoblin barely misses you.
You shoot an arrow. The arrow barely misses the endoplasm.
The endoplasm barely misses you.
The hobgoblin hits you but does no damage.
You shoot an arrow.
The arrow completely misses the endoplasm.
The endoplasm freezes you.
You are frozen.
The hobgoblin completely misses you.
You shoot an arrow.
The arrow hits the endoplasm but does no damage.
The endoplasm is moderately wounded.
The endoplasm freezes you.
You are frozen.
The hobgoblin completely misses you.
You shoot an arrow. The arrow barely misses the endoplasm.
The endoplasm hits you but does no damage.
The hobgoblin closely misses you.
You shoot an arrow. The arrow barely misses the endoplasm.
The endoplasm completely misses you. The hobgoblin barely misses you. x2
The endoplasm hits you.
You shoot an arrow.
The arrow hits the endoplasm but does no damage.
The endoplasm is moderately wounded.
The endoplasm hits you. The hobgoblin barely misses you.
You shoot an arrow.
The arrow hits the endoplasm but does no damage.
The endoplasm is moderately wounded.
The endoplasm hits you but does no damage.
The hobgoblin hits you.
You die...

###.#.###..#
.........#
###.###.#######.
#.............
######.#######.
.........#
#######..# ##.#
#@#
#$...g.J......
#......##.....
#.#.##.# .... #
#. ... ... . .##
.. . . . #. #.


You could see an endoplasm and a hobgoblin.

Vanquished Creatures
  An endoplasm (D:1)
  A hobgoblin (D:1)
  A ball python (D:1)
  2 bats (D:1)
  A rat (D:1)
6 creatures vanquished.

Notes
Turn   | Place    | Note
-------+----------+-------------------------------------------
     0 | D:1      | qw the Gargoyle Hunter began the quest for the Orb.
     0 | D:1      | Reached XP level 1. HP: 12/12 MP: 1/1
     0 | D:1      | 0 ||| qw: Version: 0.3-a-106-g2cfff9e
     0 | D:1      | 0 ||| qw: Game counter: 1953
     0 | D:1      | 0 ||| qw: Melee chars always use a shield: true
     0 | D:1      | 0 ||| qw: God list: Okawaru
     0 | D:1      | 0 ||| qw: Allow faded altars: false
     0 | D:1      | 0 ||| qw: Do Orc after clearing Dungeon:15 true
     0 | D:1      | 0 ||| qw: Do second Lair branch before Depths: true
     0 | D:1      | 0 ||| qw: Lair rune preference: random
     0 | D:1      | 0 ||| qw: Goals: Normal, Save, Zot:1-4, Win
     0 | D:1      | 0 ||| PLANNING D:1-11
   131 | D:1      | HP: 2/12 [endoplasm (3)]
   132 | D:1      | Slain by a hobgoblin

Levels and vault maps discovered:
D:1:      wander_arrival_desolate, layout_basic, minmay_pentomino_v2

Action                     || total
---------------------------++-------
   Fire: Shortbow          ||    25
 Armour: Leather armour    ||    11
  Dodge: Dodged            ||    16

Table legend:
 A = Non-vault XP
 B = Vault XP
 C = Vault XP percentage of total XP
 D = Non-vault monster count
 E = Vault monster count
 F = Vault count percentage of total count
                 A         B        C        D         E       F
            +---------+---------+-------+---------+---------+-------
      Total |       8 |       0 |   0.0 |       6 |       0 |   0.0
            +---------+---------+-------+---------+---------+-------
        D:1 |       8 |       0 |   0.0 |       6 |       0 |   0.0
            +---------+---------+-------+---------+---------+-------
